 Dungeon Crawl Stone Soup version 0.21.1-1-g345015f (webtiles) character file.

100 RitorJet the Skirmisher (level 5, 0/42 HPs)
             Began as a Formicid Abyssal Knight on Mar 27, 2018.
             Was a Believer of Lugonu.
             Slain by an orc priest
             ... wielding a +0 trident
              (6 damage)
             ... on level 3 of the Dungeon.
             The game lasted 00:03:10 (2393 turns).

RitorJet the Skirmisher (Formicid Abyssal Knight)   Turns: 2393, Time: 00:03:10

Health: 0/42       AC:  3    Str: 18    XL:     5   Next: 3%
Magic:  6/6        EV: 11    Int: 11    God:    Lugonu [**....]
Gold:   153        SH:  0    Dex: 10    Spells: 4/4 levels left

rFire    . . .     SeeInvis +   a - +1 hand axe
rCold    . . .     Gourm    .   (no shield)
rNeg     . . .     Faith    .   b - +0 leather armour
rPois    .         Spirit   .   (helmet unavailable)
rElec    .         Reflect  .   (no cloak)
rCorr    .         Harm     .   (no gloves)
MR       .....                  (no boots)
Stlth    +.........             (no amulet)
HPRegen  0.14/turn              (no ring)
MPRegen  0.10/turn              (no ring)

@: no status effects
A: permanent stasis, dig shafts and tunnels, four strong arms, antennae 3
a: Dig, Shaft Self, Depart the Abyss, Bend Space, Renounce Religion


You were on level 3 of the Dungeon.
You worshipped Lugonu.
Lugonu was pleased with you.
You were not hungry.

You visited 1 branch of the dungeon, and saw 3 of its levels.
You visited the Abyss 1 time.

You collected 153 gold pieces.

Inventory:

Hand Weapons
 a - a +1 hand axe (weapon)
Armour
 b - a +0 leather armour (worn)
Scrolls
 d - a scroll of magic mapping {unknown}
 e - 5 scrolls of identify {unknown}
 g - a scroll of remove curse {unknown}
 i - a scroll of blinking {unknown}
 j - a scroll of teleportation {unknown}
 n - a scroll of enchant weapon {unknown}
Potions
 f - a potion of mutation {unknown}
 h - 2 potions of heal wounds {unknown}
 l - 2 potions of curing {unknown}
 m - a potion of degeneration {unknown}
Comestibles
 c - 4 rations
 k - 2 chunks of flesh


   Skills:
 * Level 4.2 Fighting
 * Level 3.1 Axes
 * Level 2.8 Armour
 * Level 1.7 Dodging
 + Level 2.5 Invocations


You had 4 spell levels left.
You didn't know any spells.

Dungeon Overview and Level Annotations

Branches:
Dungeon (3/15)

Altars:
Okawaru


Innate Abilities, Weirdness & Mutations

You cannot be hasted, slowed, berserked, paralysed or teleported.
You can dig through walls and to a lower floor.
Your four strong arms can wield two-handed weapons with a shield.
You have a pair of large antennae on your head. (SInv)


Message History

The orc priest barely misses you.
You hit the orc priest but do no damage.
The orc priest hits you with a trident!
A frilled lizard comes into view.
You hit the orc priest but do no damage.
The orc priest hits you with a trident.
You hit the orc priest.
The orc priest is moderately wounded.
The orc priest mumbles some strange prayers to Beogh against you.
Beogh smites you! The frilled lizard bites you.
You hit the orc priest.
The orc priest is moderately wounded.
You closely miss the frilled lizard. The orc priest misses you.
The frilled lizard barely misses you.
You hit the orc priest.
The orc priest is heavily wounded.
You miss the frilled lizard. The orc priest hits you with a trident!
* * * LOW HITPOINT WARNING * * *
The frilled lizard barely misses you. The orc priest hits you with a trident.
You die...

#.# #.# #.# ...
#.# #.# #.# {
#.##########.#
##.##.)........
#...$.))...##.
#..............
#...@########.#
#..lo# #.....
#....## #....#
#....# ######


You could see an orc priest and a frilled lizard.

Vanquished Creatures
  3 adders
  An ooze (D:2)
  A worm (D:2)
  2 dart slugs
  2 leopard geckos
  5 orcs
  2 giant cockroaches (D:2)
  10 goblins
  6 hobgoblins
  8 kobolds
  4 bats
  4 frilled lizards
  7 rats
55 creatures vanquished.

Notes
Turn   | Place    | Note
-------+----------+-------------------------------------------
     0 | Abyss:1  | RitorJet the Formicid Abyssal Knight began the quest for the Orb.
     0 | Abyss:1  | Reached XP level 1. HP: 18/18 MP: 2/2
     4 | Abyss:1  | Found a corrupted altar of Lugonu.
    10 | D:1      | Escaped the Abyss
   263 | D:1      | Reached XP level 2. HP: 21/24 MP: 3/3
   486 | D:1      | Reached skill level 1 in Dodging
   701 | D:2      | Found an iron altar of Okawaru.
   702 | D:2      | Reached XP level 3. HP: 30/30 MP: 4/4
   876 | D:2      | Reached ** piety under Lugonu
  1160 | D:2      | Reached XP level 4. HP: 23/37 MP: 5/5
  1425 | D:2      | Reached skill level 4 in Fighting
  2377 | D:3      | Reached XP level 5. HP: 41/42 MP: 6/6
  2393 | D:3      | Slain by an orc priest

Skill      XL: |  1  2  3  4 |
---------------+-------------+-----
Dodging        | 1 |  1.7
Fighting       | 4 |  4.2
Axes           | 3 |  3.1
Armour         | |  2.8
Invocations    | |  2.5

Action                   |  1- 3 |  4- 6 || total
-------------------------+-------+-------++-------
Melee: Hand axe          |    80 |    73 ||   153
  Eat: Chunk             |     1 |     4 ||     5
Armor: Leather armour    |    16 |    21 ||    37
Dodge: Dodged            |    49 |    37 ||    86
